 Dungeon Crawl Stone Soup version 0.30-b1-2-g02819fbbbe (webtiles) character file.

Game seed: 15833719515836563729

9 Alarkh the Shooter (level 2, 22/22 HPs)
             Began as a Demonspawn Hunter on May 23, 2023.
             Got out of the dungeon alive.
             The game lasted 00:00:19 (274 turns).

Alarkh the Shooter (Demonspawn Hunter)               Turns: 274, Time: 00:00:19

Health: 22/22      AC:  3    Str: 11    XL:     2   Next: 6%
Magic:  2/2        EV: 11    Int: 10    God:
Gold:   8          SH:  4    Dex: 16    Spells: 1/1 levels left

rFire   . . .        a - +0 shortbow
rCold   . . .        (shield currently unavailable)
rNeg    . . .        c - +0 leather armour
rPois   .            (no helmet)
rElec   .            (no cloak)
rCorr   .            (no gloves)
SInv    .            (no boots)
Will    .....        (no amulet)
Stlth   +            (no ring)
HPRegen 0.23/turn    (no ring)
MPRegen 0.08/turn

%: no passive effects
@: no status effects
A: condensation shield
a: no special abilities


You escaped.
You visited 1 branch of the dungeon, and saw 1 of its levels.

You collected 8 gold pieces.

Inventory:

Hand Weapons
 a - a +0 shortbow (weapon)
Armour
 c - a +0 leather armour (worn)
Scrolls
 b - a scroll of immolation
 e - 2 scrolls of identify {unknown}
Potions
 d - 2 potions of invisibility {unknown}
 f - a potion of degeneration {unknown}


   Skills:
 - Level 2.0 Fighting
 + Level 4.1 Ranged Weapons
 - Level 1.7 Dodging
 - Level 0.8 Stealth


You had one spell level left.
You didn't know any spells.
Your spell library was empty.

Dungeon Overview and Level Annotations

Branches:
Dungeon (1/15)

Altars:


Innate Abilities, Weirdness & Mutations

A meltable shield of frost defends you. (SH +4)


Message History

You shoot an arrow. The arrow hits the ball python!
You kill the ball python!
Found a robe.
Found a faded altar of an unknown god.
A ball python comes into view.
A ball python is nearby!
Your line of fire to the ball python is blocked by a broken pillar.
The ball python hisses angrily.
Your line of fire to the ball python is blocked by a broken pillar.
Your line of fire to the ball python is blocked by a broken pillar.
You shoot an arrow.
The arrow closely misses the ball python.
You shoot an arrow.
The arrow closely misses the ball python.
The ball python bites you but does no damage.
The ball python grabs you. The ball python constricts you.
You shoot an arrow. The arrow hits the ball python.
You kill the ball python!
Your Ranged Weapons skill increases to level 4!
You now have 8 gold pieces.
There is a faded altar of an unknown god here.
You open the door.
A hobgoblin comes into view.
The hobgoblin shouts!
You hear a shout!
A kobold comes into view. It is wielding a +0 short sword.
There are monsters nearby!
You shoot an arrow. The arrow hits the hobgoblin!
You kill the hobgoblin!
You have reached level 2!
Your demonic ancestry asserts itself...
Frost condenses into a shield before you.
You shoot an arrow. The arrow hits the kobold!
You kill the kobold!
No target in view!
No target in view!
Things that are here:
a +0 dagger; a stone
There is a staircase leading out of the dungeon here.
Are you sure you want to leave the Dungeon?
This will make you lose the game!
You have escaped!

###.# ..
................#
#.#
.#..#.##.###..#.#
.##.#
#.##...#.##.# ..
.# #........#..#
##. #.######...#
.. ##...## #####
##...##
##...###...##
...#..@..#...##
#...........##
###...#....##
##########


There were no monsters in sight!

Vanquished Creatures
  2 ball pythons (D:1)
  An endoplasm (D:1)
  A hobgoblin (D:1)
  3 kobolds (D:1)
  A rat (D:1)
8 creatures vanquished.

Notes
Turn   | Place    | Note
-------+----------+-------------------------------------------
     0 | D:1      | Alarkh the Demonspawn Hunter began the quest for the Orb.
     0 | D:1      | Reached XP level 1. HP: 16/16 MP: 1/1
   116 | D:1      | Found a faded altar of an unknown god.
   124 | D:1      | Reached skill level 4 in Ranged Weapons
   203 | D:1      | Gained mutation: A meltable shield of frost defends you.
                  | (SH +4) [demonic ancestry]
   203 | D:1      | Reached XP level 2. HP: 22/22 MP: 2/2
   274 | D:$      | Got out of the dungeon alive.

Illustrated notes

Levels and vault maps discovered:
D:1:      dpeg_chamrin_arrival_tetris, layout_basic,
          ebering_ecumenical_altar_ruins

Skill      XL: |  1 |
---------------+----+-----
Ranged Weapons | 4 |  4.1
Fighting       | |  2.0
Dodging        | |  1.7
Stealth        | |  0.8

Action                     || total
---------------------------++-------
   Fire: Shortbow          ||    17
 Armour: Leather armour    ||     2
  Dodge: Dodged            ||     1
